[ AOE2 MATCH · #505193101 ]
UnrankedJapanese vs Malians
Player's team · WIN
Rival team · LOSS
[ REPLAY ANALYSIS · EXTRACTED FROM THE RECORDED GAME ]
Feudal
9:35
Castle
21:35
Imperial
—
| APM avg | 61.8 |
| APM peak | 114 |
| eAPM avg | 30.9 |
| Villagers / military | 62 / 62 |
Focus
⚔️ 51.6% · 🌾 48.4%
Knight ×26 · Militia ×10 · Archer ×8 · Scout Cavalry ×6 · Battering Ram ×5 · Monk ×4
Feudal
14:22
Castle
24:40
Imperial
—
| APM avg | 55.2 |
| APM peak | 158 |
| eAPM avg | 20.8 |
| Villagers / military | 53 / 39 |
Focus
⚔️ 29.7% · 🌾 70.3%
Archer ×10 · Camel Scout ×9 · Militia ×7 · Skirmisher ×7 · Spearman ×5 · Scout Cavalry ×1
Match map
Initial resources + every placement click. Lines = walls · curves = elevation contours. ◆ gold · ⬟ stone · ● berries · ✦ relic · ◌ wall gap
Your base· Open — 5t gap
TdB.holland89's base· Open — 4t gap
Smoothed initial terrain · ◌ = detected wall gap · hover for details
Inputs per minute
— IamJeo - - TdB.holland89
Build order — IamJeo
First 150 of 211 actions detected
| 0:00 | Create | Villager (Male) |
| 0:00 | Create | Villager (Male) |
| 0:02 | Build | House |
| 0:04 | Build | House |
| 0:08 | Create | Villager (Male) |
| 0:14 | Create | Villager (Male) |
| 1:29 | Create | Villager (Male) |
| 1:45 | Build | Lumber Camp |
| 1:59 | Create | Villager (Male) |
| 1:59 | Create | Villager (Male) |
| 2:15 | Create | Villager (Male) |
| 2:52 | Create | Villager (Male) |
| 2:52 | Create | Villager (Male) |
| 3:16 | Create | Villager (Male) |
| 3:41 | Create | Villager (Male) |
| 3:51 | Build | House |
| 4:04 | Create | Villager (Male) |
| 4:29 | Create | Villager (Male) |
| 4:29 | Create | Villager (Male) |
| 4:35 | Build | Barracks |
| 5:32 | Create | Villager (Male) |
| 5:34 | Create | Villager (Male) |
| 5:54 | Research | Loom |
| 6:48 | Create | Villager (Male) |
| 6:55 | Build | Mining Camp |
| 7:25 | Research | Feudal Age |
| 7:26 | Research | Feudal Age |
| 7:40 | Create | Militia |
| 7:47 | Build | House |
| 7:51 | Build | Palisade Wall |
| 7:57 | Build | Palisade Wall |
| 8:14 | Build | House |
| 8:15 | Build | Palisade Wall |
| 8:20 | Build | Palisade Wall |
| 8:32 | Create | Militia |
| 8:32 | Create | Militia |
| 8:33 | Create | Militia |
| 8:48 | Build | Palisade Wall |
| 9:23 | Build | Mill |
| 9:25 | Build | House |
| 9:35 | Age | Feudal Age |
| 9:40 | Research | Man-at-Arms (upgrade) |
| 9:41 | Create | Villager (Male) |
| 10:13 | Create | Villager (Male) |
| 10:16 | Build | Archery Range |
| 10:44 | Create | Militia |
| 10:45 | Create | Villager (Male) |
| 10:49 | Build | Farm |
| 10:50 | Build | Farm |
| 10:51 | Build | Farm |
| 11:02 | Create | Archer |
| 11:14 | Create | Militia |
| 11:15 | Create | Militia |
| 11:30 | Create | Villager (Male) |
| 11:34 | Build | Farm |
| 11:43 | Create | Militia |
| 12:00 | Build | House |
| 12:02 | Create | Villager (Male) |
| 12:28 | Create | Villager (Male) |
| 12:29 | Create | Archer |
| 12:30 | Create | Archer |
| 12:38 | Research | Double-Bit Axe |
| 12:49 | Build | Farm |
| 12:51 | Build | Blacksmith |
| 12:52 | Build | House |
| 13:05 | Create | Archer |
| 13:07 | Create | Villager (Male) |
| 13:09 | Build | Farm |
| 13:23 | Research | Arson |
| 13:27 | Create | Militia |
| 13:36 | Create | Villager (Male) |
| 13:37 | Create | Archer |
| 13:43 | Create | Villager (Male) |
| 13:45 | Build | Farm |
| 14:24 | Create | Archer |
| 14:25 | Create | Villager (Male) |
| 14:26 | Build | Farm |
| 14:27 | Research | Fletching |
| 14:43 | Create | Villager (Male) |
| 14:45 | Build | Farm |
| 15:01 | Create | Villager (Male) |
| 15:02 | Create | Militia |
| 15:12 | Research | Town Watch |
| 15:12 | Research | Town Watch |
| 15:15 | Create | Villager (Male) |
| 15:17 | Build | Farm |
| 15:46 | Research | Arson |
| 15:47 | Create | Villager (Male) |
| 15:49 | Build | Farm |
| 15:50 | Build | Farm |
| 15:53 | Build | Farm |
| 15:53 | Build | Farm |
| 16:02 | Create | Archer |
| 16:12 | Build | Farm |
| 16:53 | Create | Archer |
| 16:54 | Create | Villager (Male) |
| 17:25 | Build | House |
| 17:26 | Build | House |
| 17:40 | Research | Wheelbarrow |
| 17:40 | Research | Wheelbarrow |
| 18:14 | Build | Stable |
| 18:17 | Build | Lumber Camp |
| 18:53 | Research | Castle Age |
| 18:53 | Research | Castle Age |
| 18:57 | Build | House |
| 19:18 | Research | Horse Collar |
| 19:18 | Research | Horse Collar |
| 19:22 | Create | Scout Cavalry |
| 19:39 | Research | Horse Collar |
| 19:39 | Research | Horse Collar |
| 19:45 | Build | Farm |
| 19:45 | Build | Farm |
| 19:46 | Build | Farm |
| 19:46 | Build | Farm |
| 19:47 | Build | Farm |
| 19:47 | Build | Farm |
| 19:52 | Build | House |
| 19:56 | Create | Scout Cavalry |
| 20:14 | Create | Scout Cavalry |
| 20:22 | Build | House |
| 20:26 | Create | Scout Cavalry |
| 20:33 | Research | Scale Barding Armor |
| 20:33 | Research | Scale Barding Armor |
| 20:47 | Build | Stable |
| 21:02 | Research | Gold Mining |
| 21:02 | Research | Gold Mining |
| 21:05 | Create | Scout Cavalry |
| 21:11 | Build | House |
| 21:27 | Create | Scout Cavalry |
| 21:29 | Create | Villager (Male) |
| 21:35 | Age | Castle Age |
| 21:41 | Create | Knight |
| 22:14 | Build | Siege Workshop |
| 22:15 | Create | Villager (Male) |
| 22:15 | Create | Knight |
| 22:16 | Create | Knight |
| 22:16 | Create | Knight |
| 22:18 | Create | Villager (Male) |
| 22:40 | Create | Knight |
| 22:40 | Create | Knight |
| 22:43 | Create | Villager (Male) |
| 22:54 | Build | House |
| 22:59 | Create | Knight |
| 22:59 | Create | Knight |
| 23:09 | Build | Mining Camp |
| 23:48 | Create | Knight |
| 23:58 | Create | Knight |
| 23:58 | Create | Knight |
| 23:58 | Create | Villager (Male) |
| 24:03 | Create | Villager (Male) |
Build order — TdB.holland89
First 150 of 160 actions detected
| 0:00 | Create | Villager (Male) |
| 0:00 | Create | Villager (Male) |
| 0:02 | Build | House |
| 0:02 | Build | House |
| 0:31 | Create | Villager (Male) |
| 0:31 | Create | Villager (Male) |
| 0:31 | Create | Villager (Male) |
| 1:33 | Create | Villager (Male) |
| 1:45 | Build | Lumber Camp |
| 1:59 | Create | Villager (Male) |
| 2:31 | Create | Villager (Male) |
| 2:49 | Create | Villager (Male) |
| 2:49 | Create | Villager (Male) |
| 3:15 | Create | Villager (Male) |
| 3:42 | Create | Villager (Male) |
| 4:06 | Build | House |
| 4:24 | Create | Villager (Male) |
| 4:24 | Create | Villager (Male) |
| 4:25 | Create | Villager (Male) |
| 4:32 | Build | Barracks |
| 4:44 | Create | Villager (Male) |
| 5:03 | Create | Villager (Male) |
| 5:13 | Build | Mill |
| 5:32 | Create | Militia |
| 5:32 | Create | Militia |
| 6:03 | Create | Villager (Male) |
| 6:03 | Create | Villager (Male) |
| 6:09 | Build | House |
| 6:34 | Create | Militia |
| 6:35 | Create | Militia |
| 6:53 | Create | Villager (Male) |
| 6:57 | Build | House |
| 6:58 | Create | Villager (Male) |
| 7:10 | Create | Militia |
| 7:31 | Create | Villager (Male) |
| 8:03 | Create | Villager (Male) |
| 8:05 | Build | House |
| 8:06 | Build | Palisade Wall |
| 8:07 | Create | Villager (Male) |
| 8:32 | Create | Villager (Male) |
| 8:35 | Build | Farm |
| 8:37 | Build | Farm |
| 8:47 | Create | Villager (Male) |
| 8:56 | Create | Villager (Male) |
| 9:07 | Create | Militia |
| 9:07 | Create | Militia |
| 9:13 | Build | Farm |
| 9:27 | Build | Farm |
| 9:47 | Create | Villager (Male) |
| 9:50 | Create | Villager (Male) |
| 10:23 | Build | Mill |
| 10:32 | Create | Villager (Male) |
| 10:35 | Build | Farm |
| 10:36 | Build | Farm |
| 10:42 | Build | Farm |
| 10:50 | Create | Villager (Male) |
| 11:11 | Build | Lumber Camp |
| 11:12 | Create | Villager (Male) |
| 11:31 | Create | Villager (Male) |
| 11:51 | Build | Mining Camp |
| 12:09 | Research | Feudal Age |
| 12:15 | Build | Farm |
| 12:34 | Build | Outpost |
| 13:14 | Build | House |
| 13:19 | Build | House |
| 13:20 | Build | House |
| 13:21 | Build | House |
| 13:45 | Build | House |
| 13:47 | Build | House |
| 13:57 | Build | House |
| 14:22 | Age | Feudal Age |
| 14:24 | Build | Watch Tower |
| 14:28 | Create | Villager (Male) |
| 14:31 | Build | Archery Range |
| 14:34 | Build | Blacksmith |
| 14:36 | Create | Villager (Male) |
| 14:40 | Build | House |
| 14:44 | Build | House |
| 14:55 | Create | Villager (Male) |
| 15:02 | Build | Farm |
| 15:17 | Create | Archer |
| 15:18 | Create | Villager (Male) |
| 15:22 | Build | Farm |
| 15:24 | Build | Farm |
| 15:30 | Create | Skirmisher |
| 15:38 | Research | Loom |
| 15:47 | Build | Outpost |
| 15:49 | Research | Town Watch |
| 15:50 | Create | Villager (Male) |
| 15:51 | Create | Skirmisher |
| 16:00 | Create | Skirmisher |
| 16:04 | Build | Farm |
| 16:07 | Research | Padded Archer Armor |
| 16:14 | Create | Villager (Male) |
| 16:32 | Create | Skirmisher |
| 17:05 | Create | Skirmisher |
| 17:05 | Create | Villager (Male) |
| 17:14 | Create | Villager (Male) |
| 17:21 | Research | Fletching |
| 17:33 | Create | Villager (Male) |
| 17:38 | Build | Farm |
| 17:38 | Build | Farm |
| 17:38 | Build | Farm |
| 17:39 | Build | Farm |
| 17:55 | Create | Villager (Male) |
| 17:57 | Build | Farm |
| 18:07 | Create | Skirmisher |
| 18:08 | Create | Archer |
| 18:14 | Build | Farm |
| 18:26 | Create | Skirmisher |
| 18:38 | Create | Villager (Male) |
| 18:42 | Build | Farm |
| 18:50 | Create | Archer |
| 18:53 | Create | Villager (Male) |
| 19:00 | Build | Farm |
| 19:21 | Create | Archer |
| 19:31 | Create | Villager (Male) |
| 19:32 | Build | Farm |
| 19:32 | Build | Farm |
| 19:38 | Create | Villager (Male) |
| 19:42 | Build | Farm |
| 19:45 | Create | Villager (Male) |
| 20:03 | Build | Farm |
| 20:13 | Create | Archer |
| 20:33 | Create | Archer |
| 20:53 | Create | Villager (Male) |
| 21:25 | Create | Spearman |
| 21:27 | Create | Spearman |
| 21:34 | Build | Market |
| 22:00 | Research | Castle Age |
| 22:00 | Research | Castle Age |
| 22:03 | Create | Archer |
| 22:03 | Create | Archer |
| 22:28 | Build | Farm |
| 22:45 | Build | House |
| 22:54 | Create | Spearman |
| 22:55 | Create | Archer |
| 23:01 | Research | Scale Barding Armor |
| 23:04 | Build | Stable |
| 23:45 | Create | Archer |
| 23:46 | Create | Spearman |
| 24:05 | Build | Stable |
| 24:11 | Create | Villager (Male) |
| 24:31 | Create | Spearman |
| 24:40 | Age | Castle Age |
| 24:43 | Create | Camel Scout |
| 24:54 | Create | Camel Scout |
| 24:55 | Create | Scout Cavalry |
| 25:01 | Create | Camel Scout |
| 25:01 | Create | Camel Scout |
Match timeline
| 4:32 | TdB.holland89 · first_building Barracks |
| 4:35 | IamJeo · first_building Barracks |
| 7:51 | IamJeo · wall_segment Palisade Wall x2 |
| 7:57 | IamJeo · wall_segment Palisade Wall x1 |
| 8:06 | TdB.holland89 · wall_segment Palisade Wall x8 |
| 8:15 | IamJeo · wall_segment Palisade Wall x1 |
| 8:20 | IamJeo · wall_segment Palisade Wall x1 |
| 8:48 | IamJeo · wall_segment Palisade Wall x4 |
| 9:35 | IamJeo · age_up feudal |
| 10:16 | IamJeo · first_building Archery Range |
| 14:22 | TdB.holland89 · age_up feudal |
| 14:31 | TdB.holland89 · first_building Archery Range |
| 18:14 | IamJeo · first_building Stable |
| 21:35 | IamJeo · age_up castle |
| 22:14 | IamJeo · first_building Siege Workshop |
| 23:04 | TdB.holland89 · first_building Stable |
| 24:27 | IamJeo · first_building Monastery |
| 24:40 | TdB.holland89 · age_up castle |
| 26:58 | IamJeo · wall_segment Palisade Wall x1 |
| 27:00 | IamJeo · wall_segment Palisade Wall x1 |
| 31:47 | TdB.holland89 · resign |
[ AI ANALYSIS · 1 CREDIT ]
What really happened in this match?
Wolo.gg analyzes every decision: build order, eco, micro, common mistakes by bracket. Personalized analysis on WhatsApp or Discord in 30 seconds.
Civ guide
Japanese
Perfil
Jugador #1810707